 Dungeon Crawl Stone Soup version 0.19-a0-36-g4a0968a (webtiles) character file.

109 M4edhros the Poker (level 4, 0/48 HPs)
             Began as an Ogre Chaos Knight on May 4, 2016.
             Slain by a spatial vortex (23 damage)
             ... summoned by the capriciousness of Xom
             ... on level 4 of the Dungeon.
             The game lasted 00:03:01 (2856 turns).

M4edhros the Poker (Ogre Chaos Knight)              Turns: 2856, Time: 00:03:02

Health: 0/48       AC:  7    Str: 19 (22) XL:     4   Next: 90%
Magic:  4/4        EV:  9    Int: 15 (16) God:    Xom [......]
Gold:   244        SH:  0    Dex:  6 (9)  Spells: 0 memorised, 3 levels left

rFire  . . .     SeeInvis .     a - +1 spear (chaos)
rCold  . . .     Gourm    .     b - +2 robe
rNeg   . . .     Faith    .     (no shield)
rPois  .         Spirit   .     (helmet restricted)
rElec  .         Dismiss  +     v - +0 cloak
rCorr  .         Reflect  .     (gloves unavailable)
SustAt .         Harm     .     (boots unavailable)
MR     .....                    t - amulet of dismissal
Stlth  +.........               (no ring)
                                u - -3 ring of dexterity (curse)

@: mighty, brilliant, contaminated, hasted, glowing, very quick, not resistant
to hostile enchantments, very unstealthy
A: unfitting armour, icy blue scales 1, agile 1, blurry vision 1, deterioration
1, mutation resistance 1, tough skin 1
a: Renounce Religion


You were on level 4 of the Dungeon.
You worshipped Xom.
You were a very special plaything of Xom.
You were hungry.

You visited 1 branch of the dungeon, and saw 4 of its levels.

You collected 244 gold pieces.

Inventory:

Hand Weapons
 a - a +1 spear of chaos (weapon)
 r - a +0 dagger of venom
Armour
 b - a +2 robe (worn)
 v - a +0 cloak (worn)
Jewellery
 t - an amulet of dismissal (around neck)
 u - a cursed -3 ring of dexterity (left hand)
Wands
 m - a wand of lightning (7/15)
 p - a wand of polymorph (19/24)
Scrolls
 d - a scroll of magic mapping
 e - a scroll of noise
 g - a scroll of enchant weapon
 j - 3 scrolls of recharging
 w - a scroll of immolation {unknown}
 y - a scroll of fog {unknown}
 z - a scroll of blinking {unknown}
Potions
 n - a potion of brilliance
 o - a potion of might
 q - 2 potions of curing {unknown}
 s - 2 potions of ambrosia {unknown}
Comestibles
 c - 3 bread rations
 h - 2 meat rations
 l - 9 fruits
 x - a chunk of flesh


   Skills:
 - Level 4.0 Fighting
 + Level 5.4 Polearms
 - Level 2.1 Dodging


You had 3 spell levels left.
You didn't know any spells.

Dungeon Overview and Level Annotations

Branches:
Dungeon (4/15)
 Temple: D:4-7

Altars:

Annotations:
D:4 Pikel


Innate Abilities, Weirdness & Mutations

You are too large for most types of armour.
You have tough skin (AC +1).
You are partially covered in icy blue scales (AC +1).
You are agile. (Dex +2)
Scrolls take you a little longer to read.
Your body sometimes deteriorates upon taking damage.
You are somewhat resistant to further mutation.


Message History

The slave is lightly wounded.
Pikel is no longer petrified.
The slave is no longer petrified.
You hit the slave but do no damage.
The slave is lightly wounded.
The slave hits you.
You bump into the rock wall.
The slave hits you but does no damage.
You feel less confused.
Pikel looks more healthy.
Xom's attention turns to you for a moment.
Space twists in upon itself!
The slave hits you.
A spatial vortex comes into view.
You closely miss the slave.
The slave is lightly wounded.
Drink which item? (? for menu, Esc to quit)
It was a potion of might.
You feel very mighty all of a sudden.
Xom thinks this is hilarious!
The spatial vortex hits you!!
You die...
Xom snickers!

##+# #.# #...# ##.#######
### .....# #...)....# #..
!.....######.....##.# #.#
.......#......##.##.####..
.......'..................
.......#pKp...#####.......
pp.p..###p##........####..
?.K..# #@#########.# #...
#...# #v# #.# #.#. ##+#
#.# #.# #.#. #.# #.. ....
#.# ## ##.## ..# #. ..#
..# ..##


You could see a spatial vortex, Pikel and 3 slaves.

Vanquished Creatures
  A rime drake (D:4)
  4 adders
  An ooze (D:2)
  2 dart slugs
  3 giant geckos
  An orc (D:4)
  4 giant cockroaches
  9 goblins
  7 hobgoblins
  4 jackals
  9 bats
  3 giant newts
  5 kobolds
  7 rats
60 creatures vanquished.

Vanquished Creatures (others)
  2 hounds (D:4)
  2 worker ants (D:4)
  2 orcs (D:4)
  A quokka (D:4)
7 creatures vanquished.

Grand Total: 67 creatures vanquished

Notes
Turn   | Place    | Note
--------------------------------------------------------------
     0 | D:1      | M4edhros the Ogre Chaos Knight began the quest for the Orb.
     0 | D:1      | Reached XP level 1. HP: 24/24 MP: 1/1
   262 | D:1      | Reached XP level 2. HP: 32/32 MP: 2/2
   477 | D:1      | XOM: divination: detect creatures
  1004 | D:2      | Reached skill level 4 in Polearms
  1004 | D:2      | Reached XP level 3. HP: 27/39 MP: 3/3
  1451 | D:2      | Reached XP level 4. HP: 47/48 MP: 4/4
  1655 | D:2      | XOM: harmless Chrm miscast
  1703 | D:2      | Reached skill level 5 in Polearms
  2141 | D:3      | Gained mutation: You are agile. (Dex +2) [potion of mutation]
  2141 | D:3      | Gained mutation: You are somewhat resistant to further mutation. [potion of mutation]
  2142 | D:3      | Gained mutation: Your body sometimes deteriorates upon taking damage. [potion of mutation]
  2142 | D:3      | Gained mutation: You are partially covered in icy blue scales (AC +1). [potion of mutation]
  2556 | D:3      | XOM: noise
  2640 | D:3      | XOM: harmless Fire miscast
  2727 | D:4      | Noticed an ogre
  2803 | D:4      | Noticed Pikel
  2803 | D:4      | Noticed a slave
  2803 | D:4      | Noticed a slave
  2804 | D:4      | Noticed a slave
  2807 | D:4      | Noticed a slave
  2811 | D:4      | XOM: chaos cloud
  2820 | D:4      | XOM: summons friendly iron imp
  2821 | D:4      | XOM: severe Erth miscast
  2826 | D:4      | Gained mutation: Scrolls take you a little longer to read. [mutagenic glow]
  2827 | D:4      | Noticed a rime drake
  2827 | D:4      | a slave changed into a rime drake
  2829 | D:4      | XOM: chaos cloud
  2832 | D:4      | HP: 1/48 [rime drake[Pikel] (2)]
  2837 | D:4      | Killed a rime drake
  2843 | D:4      | XOM: mild Divn miscast
  2854 | D:4      | XOM: mild Tloc miscast
  2855 | D:4      | Noticed a spatial vortex
  2856 | D:4      | Slain by a spatial vortex

Vault maps used:
D:1:      dpeg_arrival_subterranean_lakeside_camping
D:2:      uniq_robin
D:3:      first_bread, dk_vineyard_1
D:4:      tgw_fedhas, minmay_temple_entry_enclosed_plants, portal_sewer_entry_e,
          xom_confusion_cloud, uniq_pikel

Skill      XL: |  1  2  3  4 |
---------------+-------------+-----
Polearms       | 4 5 |  5.4
Fighting       | |  4.0
Dodging        | |  2.1

Action                   |  1- 3 |  4- 6 || total
-------------------------+-------+-------++-------
Melee: Spear             |    91 |    98 ||   189
       Dagger            |       |    27 ||    27
  Use: Potion            |       |     8 ||     8
       Scroll            |       |     6 ||     6
 Stab: Sleeping          |     1 |       ||     1
       Petrified         |       |     1 ||     1
  Eat: Chunk             |     2 |     3 ||     5
       Fruit             |       |     1 ||     1
Armor: Robe              |    27 |    40 ||    67
Dodge: Dodged            |    34 |    52 ||    86
